 Dungeon Crawl Stone Soup version 0.23.1 (webtiles) character file.

Game seed: 1236013115532967916

17 Lusmu the Caller (level 2, 0/16 HPs)
             Began as a Tengu Summoner on Mar 11, 2019.
             Succumbed to an adder's poison
             ... on level 2 of the Dungeon.
             The game lasted 00:04:15 (1301 turns).

Lusmu the Caller (Tengu Summoner)                   Turns: 1301, Time: 00:04:16

Health: 0/16       AC:  5    Str:  8    XL:     2   Next: 62%
Magic:  6/6        EV: 12    Int: 15    God:
Gold:   35         SH:  0    Dex: 14    Spells: 4/5 levels left

rFire    . . .     SeeInvis .   d - +0 short sword
rCold    . . .     Gourm    .   (no shield)
rNeg     . . .     Faith    .   a - +0 robe
rPois    .         Spirit   .   (helmet restricted)
rElec    .         Reflect  .   (no cloak)
rCorr    .         Harm     .   j - +2 pair of gloves
MR       .....                  (boots unavailable)
Stlth    ++........             (no amulet)
HPRegen  0.05/turn              (no ring)
MPRegen  0.10/turn              (no ring)

@: lethally poisoned (0 -> -7)
A: beak, talons 3
a: no special abilities


You were on level 2 of the Dungeon.
You were not hungry.

You visited 1 branch of the dungeon, and saw 2 of its levels.

You collected 35 gold pieces.

Inventory:

Hand Weapons
 d - a +0 short sword (weapon)
Missiles
 f - 10 poisoned needles
 g - 103 stones (quivered)
Armour
 a - a +0 robe (worn)
 j - a +2 pair of gloves (worn)
Scrolls
 e - a scroll of teleportation
 k - a scroll of remove curse
 l - a scroll of enchant armour {unknown}
Potions
 h - a potion of resistance {unknown}
 m - a potion of heal wounds {unknown}
 n - a potion of curing
Comestibles
 b - a chunk of flesh
 c - 3 rations


   Skills:
 + Level 0.8 Fighting
 - Level 2.1 Dodging
 - Level 2.0 Stealth
 + Level 2.2 Spellcasting
 * Level 5.3 Summonings


You had 4 spell levels left.
You knew the following spells:

 Your Spells              Type           Power        Failure   Level  Hunger
a - Summon Small Mammal   Summ           ###.         2%          1    #......

Your spell library contained the following spells:

 Spells                   Type           Power        Failure   Level  Hunger
 Call Imp                 Summ           ###.....     3%          2    ###....
 Call Canine Familiar     Summ           ###.....     8%          3    ###....
 Summon Guardian Golem    Hex/Summ       #.......     22%         3    ###....
 Summon Ice Beast         Ice/Summ       #.......     58%         4    #####..
 Summon Lightning Spire   Summ/Air       #.......     58%         4    #####..


Dungeon Overview and Level Annotations

Branches:
Dungeon (2/15)

Altars:


Innate Abilities, Weirdness & Mutations

You have a beak for a mouth.
You have claws for feet.


Message History

You feel sick.
Your bat barely misses the adder.
The adder closely misses you.
You hit the adder.
The adder is severely wounded.
Your bat misses the adder. Your bat hits the adder. The adder bites you.
You closely miss the adder.
The adder is almost dead.
* * * LOW HITPOINT WARNING * * *
You feel sick.
Your bat hits the adder but does no damage.
The adder barely misses you. The adder bites you.
* * * LOW HITPOINT WARNING * * *
You barely miss the adder.
The adder is almost dead.
Your bat barely misses the adder.
The adder bites you.
* * * LOW HITPOINT WARNING * * *
You are more poisoned.
The adder poisons you!
You hit the adder.
You kill the adder!
You die...

#####.## #......# #(#
#.###..# #.#
#.###..#######.##
###...............#
....##..#######..# #
##.##...## #..###.#
#.......# ###......#
####...## #..@.b...#
##.## #.##.###.# #.# #
#.###.# #.# #...#.#
##'## #. ###.#.#
##...## #.####.#.##
##.....## #.........#
##...)...####.#.#.##.#
#
#.........###.....##[#


You could see a friendly bat.

Vanquished Creatures
  An adder (D:2)
  A dart slug (D:1)
  2 bats (D:1)
  2 goblins (D:1)
  2 kobolds
  2 rats
10 creatures vanquished.

Notes
Turn   | Place    | Note
-------+----------+-------------------------------------------
     0 | D:1      | Lusmu the Tengu Summoner began the quest for the Orb.
     0 | D:1      | Reached XP level 1. HP: 10/10 MP: 4/4
   319 | D:1      | Reached skill level 5 in Summonings
   812 | D:1      | Reached XP level 2. HP: 14/16 MP: 6/6
  1301 | D:2      | Succumbed to an adder's poison

Skill      XL: |  1 |
---------------+----+-----
Summonings     | 5 |  5.3
Fighting       | |  0.8
Dodging        | |  2.1
Stealth        | |  2.0
Spellcasting   | |  2.2

Action                   || total
-------------------------++-------
Melee: Unarmed           ||    11
       Kick              ||     7
       Short sword       ||    21
       Peck              ||     5
Throw: Throwing net      ||     1
 Cast: Summon Small Mamm ||     3
  Use: Scroll            ||     4
 Stab: Sleeping          ||     1
  Eat: Chunk             ||     1
Armor: Robe              ||     8
Dodge: Dodged            ||    23
